 Dungeon Crawl Stone Soup version 0.29.1-13-g9f3cf754e1 (webtiles) character file.

Game seed: 17719983692462808759

121 GobsWane the Poker (level 5, 0/36 (41) HPs)
             Began as a Merfolk Gladiator on Jan 30, 2023.
             Slain by Crazy Yiuf
             ... wielding a +3 quarterstaff of chaos
              (4 damage)
             ... on level 2 of the Dungeon.
             The game lasted 00:07:08 (3821 turns).

GobsWane the Poker (Merfolk Gladiator)              Turns: 3821, Time: 00:07:08

HP:   0/36 (41)     AC: 13    Str: 16    XL:     5   Next: 5%
MP:   0/5           EV:  6    Int:  7    God:
Gold: 117           SH:  0    Dex: 16    Spells: 4/4 levels left

rFire   . . .      SeeInvis .   w - +2 dagger (holy)
rCold   . . .      Faith    .   (no shield)
rNeg    . . .      Spirit   .   B - +0 plate armour
rPois   .          Reflect  .   g - +2 hat
rElec   .          Harm     .   o - +0 cloak
rCorr   .          Rampage  .   (no gloves)
Will    .....                   (no boots)
Stlth   ..........              (no amulet)
HPRegen 0.12/turn               (no ring)
MPRegen 0.09/turn               (no ring)

@: heavily drained
A: (nimble swimmer 2), mertail
a: no special abilities


You were on level 2 of the Dungeon.
You visited 1 branch of the dungeon, and saw 2 of its levels.

You collected 117 gold pieces.

Inventory:

Hand Weapons
 a - a +0 trident
 r - a +0 longbow
 u - a +4 dagger of draining
 v - a +0 sling
 w - a +2 dagger of holy wrath (weapon)
Missiles
 d - 3 throwing nets (quivered)
 e - a javelin
 y - 16 stones
Armour
 b - a +0 leather armour
 c - a +0 helmet
 g - a +2 hat (worn)
 o - a +0 cloak (worn)
 B - a +0 plate armour (worn)
 C - a +1 robe of fire resistance
Jewellery
 m - a ring of flight
Wands
 A - a wand of roots (7)
Scrolls
 h - 3 scrolls of teleportation {unknown}
 i - 4 scrolls of identify {unknown}
 n - a scroll of amnesia {unknown}
 p - a scroll of enchant weapon {unknown}
 q - a scroll of silence {unknown}
 s - a scroll of vulnerability {unknown}
Potions
 f - 3 potions of resistance {unknown}
 j - a potion of attraction {unknown}
 k - 2 potions of brilliance {unknown}
 l - 2 potions of curing {unknown}
 t - a potion of degeneration {unknown}
 x - 2 potions of flight {unknown}
 z - 2 potions of mutation {unknown}


   Skills:
 * Level 3.2 Fighting
 + Level 1.4 Short Blades
 + Level 5.0 Polearms
 + Level 2.0 Throwing
 + Level 0.6 Armour
 + Level 4.7 Dodging
 * Level 1.7 Stealth


You had 4 spell levels left.
You didn't know any spells.
Your spell library contained the following spells:

 Spells                   Type           Power      Damage    Failure   Level
 Apportation              Tloc           0%         N/A       100%        1
 Fulminant Prism          Conj/Hex       0%         3d6       100%        4
 Iskenderun's Mystic Bla  Conj/Tloc      0%         2d3       100%        4
 Alistair's Intoxication  Tmut/Pois      0%         N/A       100%        5
 Lee's Rapid Deconstruct  Erth           0%         3d5*      100%        5


Dungeon Overview and Level Annotations

Branches:
Dungeon (2/15)

Altars:

Annotations:
D:2 Crazy Yiuf


Innate Abilities, Weirdness & Mutations

((You are very nimble when in or above water. (Stealth+, EV+, Speed+++)))
Your lower body shifts to a powerful aquatic tail in water.


Message History

Your legs become a tail as you enter the water.
Crazy Yiuf waves his quarterstaff at you.
Crazy Yiuf says, "Key wrapper snockshim!"
You open the door. You barely miss Crazy Yiuf. Crazy Yiuf barely misses you.
You hit Crazy Yiuf but do no damage.
Crazy Yiuf yells, "Mountain!
Cholesterol sing-song mumblescurry."
Crazy Yiuf hits you with a +3 quarterstaff of chaos.
You hit Crazy Yiuf but do no damage.
Crazy Yiuf hits you with a +3 quarterstaff of chaos.
You feel your power leaking away.
You hit Crazy Yiuf but do no damage. Crazy Yiuf barely misses you.
You hit Crazy Yiuf but do no damage. Crazy Yiuf hits you but does no damage.
You hit Crazy Yiuf.
Crazy Yiuf is lightly wounded.
Crazy Yiuf whimpers, "Whiteboard rumpyflump fast!"
Crazy Yiuf hits you but does no damage.
You feel drained.
You hit Crazy Yiuf.
Crazy Yiuf is lightly wounded.
Crazy Yiuf hits you with a +3 quarterstaff of chaos.
Crazy Yiuf burns you.
You hit Crazy Yiuf but do no damage.
Crazy Yiuf is lightly wounded.
Crazy Yiuf hits you with a +3 quarterstaff of chaos!
You feel your power leaking away.
You hit Crazy Yiuf.
Crazy Yiuf is moderately wounded.
Crazy Yiuf hits you with a +3 quarterstaff of chaos.
You feel drained.
You hit Crazy Yiuf.
Crazy Yiuf is moderately wounded.
Crazy Yiuf hits you with a +3 quarterstaff of chaos!
* * * LOW HITPOINT WARNING * * *
You feel drained.
* * * LOW HITPOINT WARNING * * *
You hit Crazy Yiuf but do no damage.
Crazy Yiuf is moderately wounded.
Crazy Yiuf twirls on the spot.
Crazy Yiuf hits you with a +3 quarterstaff of chaos.
You die...

.....)###.#####......####.#
)####.#.....# #...##.# #.#
...##.#.....# ##.#.#.# #.#
...##.#..#### ####### #.#
...##.#..# #.## .#.##.#..#
♣♣♣♣♣##..# ......#### ###
♣♣♣.♣....#.# ##.#.##
#...#♣..♣.......# ##.#.#
#...g@♣♣♣♣......#
...#.##### #)..#♣♣ ♣♣....##
.###.....# ### ♣♣####
......#### ......####
.........#### ###
###.#.#####.# #.#
....#.......####.#
###########......#


You could see Crazy Yiuf.

Vanquished Creatures
  Jessica (D:2)
  2 adders (D:2)
  A worm (D:2)
  3 ball pythons (D:1)
  3 bats
  10 endoplasms
  2 giant cockroaches
  12 goblins
  8 hobgoblins
  6 jackals
  2 kobolds (D:2)
  3 quokkas
  3 frilled lizards
  6 rats
62 creatures vanquished.

Vanquished Creatures (others)
  3 fungi (D:2)
  3 plants (D:2)
  5 toadstools (D:1)
11 creatures vanquished.

Grand Total: 73 creatures vanquished

Notes
Turn   | Place    | Note
-------+----------+-------------------------------------------
     0 | D:1      | GobsWane the Merfolk Gladiator began the quest for the Orb.
     0 | D:1      | Reached XP level 1. HP: 16/16 MP: 1/1
   116 | D:1      | Reached XP level 2. HP: 22/22 MP: 2/2
   629 | D:1      | Reached skill level 1 in Stealth
   629 | D:1      | Reached XP level 3. HP: 28/28 MP: 3/3
  1895 | D:2      | Reached XP level 4. HP: 23/35 MP: 4/4
  2034 | D:2      | Found a faded altar of an unknown god.
  2250 | D:2      | Reached skill level 5 in Polearms
  2579 | D:2      | Reached skill level 1 in Short Blades
  2880 | D:2      | Noticed Jessica
  2920 | D:2      | HP: 1/35 [Jessica/nerve-wracking pain (9)]
  2921 | D:2      | Killed Jessica
  2922 | D:2      | Reached XP level 5. HP: 1/41 MP: 5/5
  3740 | D:2      | Found a runed translucent door.
  3741 | D:2      | Noticed Crazy Yiuf
  3821 | D:2      | Slain by Crazy Yiuf

Illustrated notes

Levels and vault maps discovered:
D:1:      ncdulo_wetmaze, layout_basic, minmay_gold_behind_fungi,
          minmay_crystal_room, nicolae_eternal_life,
          chequers_serial_rivers_small_b
D:2:      kennysheep_the_goblin_king, layout_loops_cross,
          shapermc_ecumenical_altar_mp_ritualfount, grunt_decor_junction,
          uniq_jessica, uniq_crazy_yiuf_cottage

Skill      XL: |  1  2  3  4 |
---------------+-------------+-----
Stealth        | 1 |  1.7
Fighting       | 3 |  3.2
Polearms       | 5 |  5.0
Short Blades   | 1 |  1.4
Throwing       | |  2.0
Armour         | |  0.6
Dodging        | |  4.7

Action                   |  1- 3 |  4- 6 || total
-------------------------+-------+-------++-------
Melee: Trident           |   110 |       ||   110
       Dagger            |    17 |   103 ||   120
       Punch             |     1 |     1 ||     2
 Stab: Sleeping          |     2 |     1 ||     3
Armor: Leather armour    |    53 |    42 ||    95
       Plate armour      |       |     4 ||     4
Dodge: Dodged            |    95 |    78 ||   173
